 Dungeon Crawl Stone Soup version 0.21.1-1-g345015fe64 (webtiles) character file.

35 Supaplex the Cudgeler (level 3, -3/36 HPs)
             Began as a Troll Berserker on July 4, 2018.
             Was a Follower of Trog.
             Slain by a goblin (4 damage)
             ... on level 2 of the Dungeon.
             The game lasted 00:17:36 (600 turns).

Supaplex the Cudgeler (Troll Berserker)              Turns: 600, Time: 00:17:37

Health: -3/36      AC:  3    Str: 26    XL:     3   Next: 16%
Magic:  2/2        EV: 10    Int:  3    God:    Trog [*.....]
Gold:   54         SH:  0    Dex:  9    Spells: 2/2 levels left

rFire    . . .     SeeInvis .   (no weapon)
rCold    . . .     Gourm    +   (no shield)
rNeg     . . .     Faith    .   (armour restricted)
rPois    .         Spirit   .   (helmet restricted)
rElec    .         Reflect  .   (no cloak)
rCorr    .         Harm     .   (gloves unavailable)
MR       .....                  (boots unavailable)
Stlth    +.........             (no amulet)
HPRegen  0.52/turn              (no ring)
MPRegen  0.08/turn              (no ring)

@: no status effects
A: large, unfitting armour, claws 3, fast metabolism 3, gourmand, regeneration
1, shaggy fur 1, tough skin 2
a: Berserk, Burn Spellbooks, Renounce Religion


You were on level 2 of the Dungeon.
You worshipped Trog.
Trog was aware of your devotion.
You were completely stuffed.

You visited 1 branch of the dungeon, and saw 3 of its levels.

You collected 54 gold pieces.

Inventory:

Hand Weapons
 a - a +0 mace
 e - a +0 short sword
 j - a +0 club
 n - a cursed -2 short sword
 p - a +0 club
 q - a +0 short sword
 w - a +0 short sword
 x - a +0 club
Missiles
 d - 18 poisoned needles
 r - 13 bolts
 v - 50 stones (quivered)
Armour
 b - a +0 animal skin
 h - a +0 ring mail
 u - a +0 leather armour
Jewellery
 k - an uncursed amulet of guardian spirit {unknown}
 s - an uncursed ring of ice {unknown}
Scrolls
 g - 2 scrolls of teleportation {unknown}
 m - a scroll of fear {unknown}
 o - a scroll of amnesia {unknown}
Potions
 f - a potion of might {unknown}
 i - 3 potions of haste {unknown}
 l - a potion of invisibility {unknown}
 t - a potion of berserk rage {unknown}


   Skills:
 + Level 2.6 Fighting
 + Level 3.2 Maces & Flails
 + Level 3.0 Dodging


You had 2 spell levels left.
You didn't know any spells.

Dungeon Overview and Level Annotations

Branches:
Dungeon (3/15)

Altars:

Annotations:
D:3 Grinder


Innate Abilities, Weirdness & Mutations

You are too large for most types of armour.
You have claws for hands.
Your metabolism is lightning-fast.
You like to eat raw meat.
Your natural rate of healing is unusually fast.
You are covered in fur. (AC +1)
You have very tough skin. (AC +2)


Message History

The leopard gecko bites you but does no damage.
The goblin barely misses you. The leopard gecko bites you.
* * * LOW HITPOINT WARNING * * *
The goblin hits you.
* * * LOW HITPOINT WARNING * * *
The leopard gecko bites you.
* * * LOW HITPOINT WARNING * * *
The goblin hits you.
* * * LOW HITPOINT WARNING * * *
The leopard gecko bites you.
* * * LOW HITPOINT WARNING * * *
The goblin barely misses you. The leopard gecko bites you.
* * * LOW HITPOINT WARNING * * *
The goblin barely misses you. The leopard gecko closely misses you.
The leopard gecko bites you.
* * * LOW HITPOINT WARNING * * *
The goblin hits you.
You die...

#.# . ## #.### .# .).
......##.# ....
.#...#..## .....
.$..#.#.#
.....##.......#
........g...#
....#.@...##
.......l..^.# #
......#...#...#
#..#..#<........
#######....###.......
#.>......#### .#.....
#.<.......... .......
#......####...#######
.####....†........


You could see a leopard gecko and a goblin.

Vanquished Creatures
  4 dart slugs (D:1)
  2 leopard geckos (D:1)
  A goblin (D:1)
  2 hobgoblins (D:1)
  3 jackals (D:1)
  2 bats
  A frilled lizard (D:1)
  5 kobolds
  5 rats
25 creatures vanquished.

Notes
Turn   | Place    | Note
-------+----------+-------------------------------------------
     0 | D:1      | Supaplex the Troll Berserker began the quest for the Orb.
     0 | D:1      | Reached XP level 1. HP: 22/22 MP: 0/0
    92 | D:1      | Reached XP level 2. HP: 27/29 MP: 1/1
   188 | D:3      | Noticed Grinder
   341 | D:1      | Reached XP level 3. HP: 36/36 MP: 2/2
   600 | D:2      | HP: 1/36 [leopard gecko (3)]
   600 | D:2      | Slain by a goblin

Skill      XL: |  1  2  3 |
---------------+----------+-----
Maces & Flails | 3 |  3.2
Dodging        | 3 |  3.0
Fighting       | |  2.6

Action                   || total
-------------------------++-------
Melee: Mace              ||    72
  Eat: Ration            ||     4
Armor: Animal skin       ||    22
       Skin              ||     7
Dodge: Dodged            ||    66
